 Dungeon Crawl Stone Soup version 0.20-a0-261-gcb1eca7 (webtiles) character file.

28 Eucla the Skirmisher (level 3, -1/26 HPs)
             Began as an Octopode Fighter on Dec 3, 2016.
             Slain by a centaur skeleton (6 damage)
             ... on level 4 of the Dungeon.
             The game lasted 00:02:03 (400 turns).

Eucla the Skirmisher (Octopode Fighter)              Turns: 400, Time: 00:02:04

Health: -1/26      AC:  1    Str: 15    XL:     3   Next: 14%
Magic:  3/3        EV: 12    Int: 10    God:
Gold:   0          SH:  8    Dex: 12    Spells: 2/2 levels left

rFire  . . .     SeeInvis .     a - +0 long sword
rCold  . . .     Gourm    .     b - +0 shield
rNeg   . . .     Faith    .     (helmet restricted)
rPois  .         Spirit   .     (no amulet)
rElec  .         Reflect  .     j - +1 ring of evasion
rCorr  .         Harm     .     (no ring)
MR     .....                    (no ring)
Stlth  ++........               (no ring)
                                (no ring)
                                (no ring)
                                (no ring)
                                (no ring)

@: no status effects
A: almost no armour, stealthy swim, amphibious, 8 rings, constrict 8, camouflage
1, gelatinous body 1
a: no special abilities


You were on level 4 of the Dungeon.
You were not hungry.

You visited 1 branch of the dungeon, and saw 3 of its levels.

Inventory:

Hand Weapons
 a - a +0 long sword (weapon)
Armour
 b - a +0 shield (worn)
Jewellery
 j - a +1 ring of evasion (left tentacle)
Scrolls
 f - a scroll of fear {unknown}
 g - a scroll of remove curse {unknown}
 h - 2 scrolls of identify {unknown}
Potions
 c - a potion of might
 e - a potion of curing {unknown}
 k - a potion of flight {unknown}
Comestibles
 d - a bread ration
 i - 2 meat rations


   Skills:
 + Level 3.6 Fighting
 + Level 2.8 Long Blades
 - Level 3.0 Dodging
 - Level 3.0 Shields


You had 2 spell levels left.
You didn't know any spells.

Dungeon Overview and Level Annotations

Branches:
Dungeon (2/15)

Altars:


Innate Abilities, Weirdness & Mutations

You cannot wear most types of armour.
You are very stealthy in the water. (Stealth+)
You are amphibious.
You can wear up to eight rings at the same time.
You can use your tentacles to constrict eight enemies at once.
Your skin changes colour to match your surroundings (Stealth+).
Your rubbery body absorbs attacks. (AC +1, EV +1)


Message History

You block the centaur skeleton's attack.
You hit the quokka. You grab the quokka.
The quokka is severely wounded.
You constrict the quokka.
You kill the quokka!
The centaur skeleton closely misses you.
The orc hits you.
You block the centaur skeleton's attack.
The orc closely misses you. The orc barely misses you.
The orc priest mumbles some strange prayers to Beogh against you.
Beogh smites you!
Ouch! That really hurt!
* * * LOW HITPOINT WARNING * * *
The orc priest shouts!
You hear a shout!
There is a stone staircase leading down here.
You see here a quokka corpse.
An orc comes into view. It is wielding a club.
The orc shouts!
You block the orc's attack. The centaur skeleton hits you.
You die...

############
#..........#
#....o.....# ##
#.....Z....# ...
#...o.o@.<.#
...#######.o.ooo....#
.........o...o......#
....................#
###.....o.##......###
....).[(...o......#
###...(...##......#
..#.......##.#..###
#.....$...# .#.##


You could see 2 orc priests, 8 orcs and a centaur skeleton.

Vanquished Creatures
  A dart slug (D:1)
  2 leopard geckos
  An orc (D:4)
  A ball python (D:1)
  3 giant cockroaches (D:1)
  A goblin (D:1)
  2 hobgoblins (D:1)
  4 kobolds (D:1)
  A quokka (D:4)
  A bat (D:1)
  3 frilled lizards (D:1)
  A rat (D:1)
21 creatures vanquished.

Vanquished Creatures (others)
  4 toadstools (D:1)
4 creatures vanquished.

Grand Total: 25 creatures vanquished

Notes
Turn   | Place    | Note
-------+----------+-------------------------------------------
     0 | D:1      | Eucla the Octopode Fighter began the quest for the Orb.
     0 | D:1      | Reached XP level 1. HP: 16/16 MP: 1/1
    74 | D:1      | Reached XP level 2. HP: 19/21 MP: 2/2
   377 | D:2      | You fall through a shaft for 2 floors!
   379 | D:4      | Reached XP level 3. HP: 26/26 MP: 3/3
   400 | D:4      | Slain by a centaur skeleton

Vault maps used:
D:1:      ldierk_walled_garden_2
D:2:      minmay_fountain_box, elyvilon_altar_4, uniq_jessica
D:4:      portal_sewer_entry_b

Action                   || total
-------------------------++-------
Melee: Long sword        ||    33
       Constrict         ||     8
       Tentacles         ||     3
 Stab: Sleeping          ||     4
Armor: Skin              ||     7
Dodge: Dodged            ||    15
Block: Shield            ||    18
       Rpst.: Long sword ||     1
